 Dungeon Crawl Stone Soup version 0.22-a0-204-g464ede7bef (webtiles) character file.

199 MrRokkomies the Distorting Halfling (level 6, -4/41 HPs)
             Began as a Halfling Abyssal Knight on Feb 18, 2018.
             Was a Believer of Lugonu.
             Slain by an ice beast (5 damage)
             ... on level 3 of the Dungeon on Feb 19, 2018.
             The game lasted 00:10:22 (3077 turns).

MrRokkomies the Distorting Halfling (HaAK)          Turns: 3077, Time: 00:10:22

Health: -4/41      AC:  7    Str: 13    XL:     6   Next: 6%
Magic:  9/9        EV: 12    Int: 12    God:    Lugonu [**....]
Gold:   145        SH:  0    Dex: 14    Spells: 1/5 levels left

rFire    . . .     SeeInvis .   a - +1 short sword (elec)
rCold    . . .     Gourm    .   (shield restricted)
rNeg     . . .     Faith    .   g - +1 ring mail
rPois    .         Spirit   .   (no helmet)
rElec    .         Reflect  .   (no cloak)
rCorr    .         Harm     .   (no gloves)
MR       .....                  (no boots)
Stlth    +.........             (no amulet)
HPRegen  0.13/turn              p - +1 ring of protection
MPRegen  0.11/turn              (no ring)

@: no status effects
A: small, mutation resistance 1
a: Depart the Abyss, Bend Space, Renounce Religion


You were on level 3 of the Dungeon.
You worshipped Lugonu.
Lugonu was pleased with you.
You were not hungry.

You visited 1 branch of the dungeon, and saw 3 of its levels.
You visited the Abyss 1 time.

You collected 145 gold pieces.

Inventory:

Hand Weapons
 a - a +1 short sword of electrocution (weapon)
 b - a +0 hunting sling
 f - a +2 dagger of venom
 i - a +1 falchion
Missiles
 h - 118 stones (quivered)
Armour
 g - a +1 ring mail (worn)
Jewellery
 p - a +1 ring of protection (left hand)
Scrolls
 j - a scroll of remove curse
 k - 3 scrolls of fear
 q - a scroll of teleportation
Potions
 l - a potion of heal wounds
 m - a potion of brilliance
 n - 2 potions of cancellation {unknown}
Books
 d - a Young Poisoner's Handbook

   Spells                             Type                      Level
   a - Sting                          Conjuration/Poison           1
   b - Poisonous Vapours              Poison/Air                   2
   c - Mephitic Cloud                 Conjuration/Poison/Air       3
   d - Olgreb's Toxic Radiance        Poison                       4
   e - Venom Bolt                     Conjuration/Poison           5
 e - a book of Maledictions

   Spells                             Type                      Level
   a - Corona                         Hexes                        1
   b - Ensorcelled Hibernation        Hexes/Ice                    2
   c - Confuse                        Hexes                        3
   d - Tukima's Dance                 Hexes                        3
   e - Dazzling Spray                 Conjuration/Hexes            3
Comestibles
 c - 9 rations


   Skills:
 - Level 2.6 Fighting
 * Level 4.0(4.5) Short Blades
 - Level 2.4(3.3) Long Blades
 - Level 2.1 Armour
 - Level 1.1 Dodging
 * Level 4.6 Invocations


You had one spell level left.
You knew the following spells:

 Your Spells              Type           Power        Failure   Level  Hunger
a - Ensorcelled Hibernat  Hex/Ice        #.....       71%         2    ###....
b - Poisonous Vapours     Pois/Air       #.....       71%         2    ###....


Dungeon Overview and Level Annotations

Branches:
Dungeon (3/15)

Altars:
Vehumet
Wu Jian


Innate Abilities, Weirdness & Mutations

You are small and have problems with some larger weapons.
You are somewhat resistant to further mutation.


Message History

You barely miss the ice beast.
The ice beast is severely wounded.
The ice beast barely misses you.
You closely miss the ice beast.
The ice beast is severely wounded.
The ice beast hits you but does no damage.
You hit the ice beast but do no damage.
The ice beast is severely wounded.
The ice beast hits you.
* * * LOW HITPOINT WARNING * * *
The ice beast freezes you!
* * * LOW HITPOINT WARNING * * *
Your ring mail prevents you from hitting the ice beast.
The ice beast is severely wounded.
You closely miss the ice beast.
The ice beast is severely wounded.
The ice beast hits you.
* * * LOW HITPOINT WARNING * * *
The ice beast freezes you.
You die...

#........#.........
#........#.........
##........#.........
#........##.........
#...................
#...................
#....####...........
#.......#...........
#..@....#.........##
#...Y...####........
#....(..# #........
#.....(.####........
##.##...........####
#.##.....(.....####
#.##..............#
########'##.....(....[...#
#....##...###.....#.......


You could see an ice beast.

Vanquished Creatures
  An orc priest (D:3)
  3 gnolls (D:2)
  5 adders
  4 worms
  A dart slug (D:3)
  A leopard gecko (D:1)
  9 orcs (D:3)
  2 giant cockroaches
  3 goblins
  7 hobgoblins
  5 jackals (D:3)
  4 kobolds
  2 quokkas
  11 bats
  9 frilled lizards
  5 rats
72 creatures vanquished.

Vanquished Creatures (others)
  A bat (D:2)
  A hobgoblin (D:2)
2 creatures vanquished.

Grand Total: 74 creatures vanquished

Notes
Turn   | Place    | Note
-------+----------+-------------------------------------------
     0 | Abyss:1  | MrRokkomies the Halfling Abyssal Knight began the quest for the Orb.
     0 | Abyss:1  | Reached XP level 1. HP: 15/15 MP: 2/2
    56 | Abyss:2  | Noticed a thrashing horror
    57 | D:1      | Escaped the Abyss
   284 | D:1      | Reached XP level 2. HP: 20/20 MP: 3/3
   297 | D:1      | Reached * piety under Lugonu
   993 | D:2      | Reached XP level 3. HP: 15/25 MP: 5/5
  1012 | D:2      | Found a radiant altar of Vehumet.
  1018 | D:2      | Reached skill level 1 in Short Blades
  1277 | D:2      | Reached XP level 4. HP: 11/30 MP: 6/6
  1576 | D:2      | Found a faded altar of an unknown god.
  1653 | D:2      | Reached XP level 5. HP: 23/35 MP: 7/7
  1717 | D:2      | Learned a level 2 spell: Ensorcelled Hibernation
  1720 | D:2      | Learned a level 2 spell: Poisonous Vapours
  2050 | D:2      | Found an ornate altar of the Wu Jian Council.
  2423 | D:3      | Reached ** piety under Lugonu
  2691 | D:3      | Reached XP level 6. HP: 33/41 MP: 9/9
  3055 | D:3      | Noticed an ice beast
  3077 | D:3      | HP: 1/41 [ice beast (2)]
  3077 | D:3      | Slain by an ice beast

Vault maps used:
D:1:      dpeg_arrival_court, roderic_roman_lattice, st_stairs_10
D:2:      fiery_altar_vehumet, nicolae_overflow_hidden_temple,
          chequers_ecumenical_altar_island
D:3:      okawaru_trees_2
Abyss:1:  hangedman_cross_veins

Skill      XL: |  1  2  3  4  5  6 |
---------------+-------------------+-----
Short Blades   | 2 3 4 |  4.0
Invocations    | 3 4 |  4.6
Fighting       | |  2.6
Long Blades    | |  2.4
Armour         | |  2.1
Dodging        | |  1.1

Action                   |  1- 3 |  4- 6 || total
-------------------------+-------+-------++-------
Melee: Falchion          |    25 |       ||    25
       Short sword       |    44 |   178 ||   222
 Fire: Hunting sling     |       |     4 ||     4
Throw: Stone             |     4 |       ||     4
Invok: Depart the Abyss  |     1 |       ||     1
  Use: Scroll            |     3 |     6 ||     9
       Potion            |     2 |       ||     2
  Eat: Chunk             |       |     7 ||     7
Armor: Ring mail         |    25 |    59 ||    84
       Leather armour    |     2 |       ||     2
Dodge: Dodged            |    72 |   100 ||   172
       Rpst.: Falchion   |     8 |       ||     8

Table legend:
 A = Spawn XP
 B = Non-spawn XP
 C = Spawn XP percentage of total XP
 D = Spawn monster count
 E = Non-spawn monster count
 F = Spawn count percentage of total count
 G = Total turns spent on level
                    A         B        C        D         E        F      G
               +---------+---------+-------+---------+---------+-------+---------
         Total |       0 |     285 |   0.0 |       0 |      74 |   0.0 |  3077
               +---------+---------+-------+---------+---------+-------+---------
           D:1 |       0 |      23 |   0.0 |       0 |      13 |   0.0 |  1135
           D:2 |       0 |     127 |   0.0 |       0 |      29 |   0.0 |  1105
           D:3 |       0 |     135 |   0.0 |       0 |      32 |   0.0 |   780
               +---------+---------+-------+---------+---------+-------+---------
